Map: 16-Bit LE

Players

LiquidMaNa (MaNa) - Winner!

  • Race: Protoss Protoss
  • League: Grandmaster
  • Spawn Location: 7:00

Optimus

  • Race: Terran Terran
  • League: Master
  • Spawn Location: 1:00

Event: HomeStory Cup XVII

VOD

Have the link to the VOD?

Description

Time

  • Played on: June 28, 2018, 6:43 p.m.
  • Length: 6:15

All games in this series

Show
View Real Time Build Order
Export as new Build Order

LiquidMaNa Protoss - Winner!

Build Orders: 1 Gate Expand, Oracle Opening 

Get SALT Encoding   

  12  0:00  Probe  
  13  0:12  Probe  
  14  0:18  Pylon  
  14  0:24  Probe  
  15  0:32  Probe  
  15  0:37  Gateway  
  15  0:40  Probe  
  16  0:46  Assimilator  
  17  0:50  Probe  
  18  0:58  Probe  
  19  1:07  Probe  
  20  1:25  Nexus  
  20  1:36  Cybernetics Core  
  20  1:39  Probe  
  21  1:46  Assimilator  
  21  1:52  Probe  
  21  2:01  Pylon  
  21  2:04  Probe  
  22  2:09  Stalker  
  22  2:13  Warp Gate  
  22  2:16  Probe  
  25  2:28  Probe  
  26  2:30  Stargate  
  26  2:40  Probe  
  26  2:43  Stalker  
  26  2:44  Probe  
  30  2:52  Probe x2  
  32  3:01  Probe  
  32  3:03  Oracle  
  32  3:04  Probe  
  34  3:13  Probe  
  34  3:15  Stalker  
  34  3:17  Probe  
  41  3:25  Probe  
  42  3:28  Pylon  
  42  3:29  Probe  
  43  3:37  Probe  
  44  3:45  Probe  
  44  3:46  Oracle  
  44  3:47  Probe  
  48  3:52  Gateway  
  48  3:53  Gateway  
  49  3:57  Probe  
  50  4:05  Shield Battery  
  50  4:09  Pylon  
  50  4:10  Probe  
  50  4:11  Probe  
  50  4:13  Assimilator  
  50  4:15  Sentry  
  54  4:22  Pylon  
  54  4:27  Probe x2  
  54  4:30  Pylon  
  56  4:38  Stalker  
  56  4:39  Probe x2  
  56  4:41  Forge  
  56  4:43  Twilight Council  
  60  4:51  Probe x2  
  60  4:52  Stalker  
  59  5:02  Stalker  
  59  5:03  Probe  
  60  5:07  Zealot  
  60  5:09  Oracle  
  62  5:15  Zealot  
  52  5:27  Stalker x2  
  56  5:31  Probe  
  49  5:36  Stalker  
  44  5:44  Probe x2  
  41  5:55  Probe x2  
  43  6:03  Probe x2  
  45  6:12  Stalker x2  
Show
View Real Time Build Order
Export as new Build Order

Optimus Terran 

Build Orders: Gas First Reaper Expand, Reaper Expand 

Get SALT Encoding   

  12  0:00  SCV  
  13  0:12  SCV  
  14  0:17  Supply Depot  
  14  0:24  SCV  
  15  0:31  Refinery  
  15  0:39  SCV  
  16  0:45  Barracks  
  16  0:51  SCV  
  17  1:03  SCV  
  18  1:15  SCV  
  19  1:31  Orbital Command  
  19  1:32  Reaper  
  20  1:56  Command Center  
  20  1:57  SCV  
  21  2:02  Factory  
  21  2:10  SCV  
  21  2:12  Refinery  
  22  2:17  Barracks Reactor  
  22  2:20  Supply Depot  
  22  2:22  SCV  
  23  2:41  SCV  
  23  2:43  Factory  
  24  2:53  Marine x2  
  24  2:54  SCV  
  27  3:04  Cyclone  
  30  3:06  SCV  
  30  3:11  Orbital Command  
  31  3:15  Marine x2  
  31  3:19  SCV  
  34  3:28  Cyclone  
  34  3:31  SCV  
  34  3:34  Marine x2  
  38  3:40  Cyclone  
  42  3:43  SCV  
  43  3:50  Supply Depot  
  43  3:53  SCV  
  43  3:54  Marine  
  43  3:55  SCV  
  46  3:58  Marine  
  46  4:00  Supply Depot  
  46  4:12  Cyclone, SCV  
  50  4:20  Hellion  
  50  4:21  Hellion  
  50  4:24  SCV  
  56  4:26  Supply Depot  
  55  4:42  Hellion x2, SCV  
  55  4:45  SCV  
  61  4:48  Cyclone  
  55  5:03  Cyclone x2  
  55  5:04  SCV x2  
  52  5:16  SCV  
  46  5:22  SCV  
  45  5:28  SCV  
  42  5:37  SCV  
  42  5:40  SCV  
  37  5:52  SCV x2  
Tags
 
Add a new tag
Caveats
  • Supply blocks, unpowered buildings, or Contaminate may cause inaccurate times.
  • Supply counts are checked every 10 seconds.